← All builds
Suicide front / Armada / Factory first / OBSERVED BUILD

Standard suicide front

Armada Suicide front build order · Supreme Isthmus

The role's baseline: Bot Lab at 0:21 then straight into reclaim-fed T1 bot production to contest the middle and hold until T2 arrives, with an Advanced Metal Extractor around 9:45.

#rush · 2020 distinct matches · 232 players · 71% of Armada Suicide front games · team won 59% of 2395 · Recently observed

HOW TO PLAY IT

Key timing: Bot Lab by 0:20

  1. Open with mex and lab-first to get Bot Lab up by 0:20.
  2. Expand mex and wind while lab pumps units toward middle.
  3. Push Sentry and early Rocketeer, Centurion to contest middle.
  4. Get T2 constructor out once Pond's boost lets you spare metal.
  5. Upgrade mex to Advanced Metal Extractor as you transition off T1 spam.

Phase by phase

TYPICAL OF ITS 2020 GAMES
  1. 1
  2. 2
  3. 3
PLAY THE OPENING

Follow the example game's first 6:00 step by step: what to build now, what comes next, and where it goes. At 1× it keeps pace with your own game.

  1. 1

    Bot Lab first

    Order
    1. Bot LabBot Lab done ~0:21, middle half 0:20–0:33

    Some games also: mex (44%)

  2. 2

    Bot Lab to 5:00

    Economy
    • Metal Extractor5Mex
    • Wind Turbine4Wind
    Builders
    • Construction Bot3 Con bot
    • Lazarus2 Lazarus
    Army
    • Sentry4 Sentry
    • Rocketeer16 Rocketeer
    • Tick2 Tick
    • Centurion1 Centurion
    Other
    • Radar Tower1 Radar Tower

    Some games also: pawn (37%) · con turret (34%)

    By 5:00 in all: 5 mex · 4 wind

    The example game in this phase · 40 steps
    1. Mex
    2. TickTick
    3. LazarusLazarus
    4. Mex
    5. Wind ×3
    6. Construction BotCon bot
    7. Mex
    8. Construction BotCon bot
    9. SentrySentry
    10. CenturionCenturion
    11. Mex
    12. PawnPawn ×2
    13. RocketeerRocketeer
    14. Mex
    15. RocketeerRocketeer
    16. SentrySentry
    17. RocketeerRocketeer ×2
    18. SentrySentry
    19. RocketeerRocketeer ×2
    20. SentrySentry
    21. RocketeerRocketeer
    22. Dragon's TeethDragon's Teeth ×3
    23. RocketeerRocketeer
    24. Dragon's TeethDragon's Teeth ×2
    25. RocketeerRocketeer
    26. Dragon's TeethDragon's Teeth ×3
    27. RocketeerRocketeer ×5
    28. Con turret
    29. RocketeerRocketeer
    30. Radar TowerRadar Tower
    31. RocketeerRocketeer ×2
    32. Wind
    33. RocketeerRocketeer
    34. Wind
    35. RocketeerRocketeer
    36. Wind
    37. RocketeerRocketeer
    38. Dragon's TeethDragon's Teeth ×2
    39. Wind
    40. Dragon's TeethDragon's Teeth ×2
  3. 3

    5:00 to 10:00

    Economy
    • Metal Extractor1Mex
    • Wind Turbine15Wind
    Builders
    • Construction Turret2 Con turret
    • Lazarus2 Lazarus
    • Construction Bot1 Con bot
    Army
    • Sentry1 Sentry
    • Rocketeer8 Rocketeer

    Some games also: pawn (49%) · Radar Tower (46%) · tick (45%) · centurion (44%) · energy storage (43%) · eat Bot Lab (31%)

    By 10:00 in all: 6 mex · 21 wind · 1 energy storage · 2 con turret

    The example game in this phase · 114 steps
    1. RocketeerRocketeer
    2. Dragon's TeethDragon's Teeth
    3. LazarusLazarus
    4. Wind
    5. LazarusLazarus
    6. Wind
    7. PawnPawn ×2
    8. Wind
    9. PawnPawn ×2
    10. Wind
    11. PawnPawn
    12. Wind
    13. PawnPawn ×2
    14. Wind
    15. PawnPawn ×3
    16. Wind
    17. Construction BotCon bot
    18. Con turret
    19. Wind
    20. Construction BotCon bot
    21. Mex
    22. PawnPawn ×2
    23. Wind
    24. LazarusLazarus
    25. PawnPawn
    26. Wind
    27. PawnPawn
    28. SentrySentry
    29. PawnPawn
    30. Con turret
    31. RocketeerRocketeer
    32. Wind
    33. SentrySentry
    34. RocketeerRocketeer
    35. Wind
    36. RocketeerRocketeer
    37. Energy storage
    38. Wind
    39. RocketeerRocketeer ×2
    40. Wind
    41. RocketeerRocketeer
    42. Wind
    43. LazarusLazarus
    44. Wind
    45. LazarusLazarus
    46. RocketeerRocketeer
    47. Dragon's TeethDragon's Teeth
    48. Wind
    49. Dragon's TeethDragon's Teeth
    50. RocketeerRocketeer
    51. Dragon's TeethDragon's Teeth ×2
    52. RocketeerRocketeer
    53. Dragon's TeethDragon's Teeth
    54. Advanced solar
    55. BeamerBeamer
    56. RocketeerRocketeer ×2
    57. Advanced Metal ExtractorT2 mexdone 9:13 · typical 9:46
    58. RocketeerRocketeer
    59. Wind
    60. Con turret
    61. RocketeerRocketeer
    62. BeamerBeamer ×2
    63. Advanced Metal ExtractorT2 mex
    64. Sneaky PeteSneaky Pete
    65. PawnPawn ×2
    66. BeamerBeamer
    67. PawnPawn ×3
    68. BeamerBeamer
    69. PawnPawn
    70. LazarusLazarus ×3
    71. PawnPawn ×10
    72. Advanced Metal ExtractorT2 mex
    73. PawnPawn
    74. Mex
    75. PawnPawn
    76. Construction BotCon bot
    77. BeamerBeamer
    78. Advanced Metal ExtractorT2 mex
    79. Construction BotCon bot
    80. Metal storage
    81. PawnPawn ×3
    82. BeamerBeamer
    83. PawnPawn ×2
    84. NettleNettle
    85. PawnPawn ×2
    86. Fusion ReactorFusiondone 13:33
    87. PawnPawn
    88. NettleNettle
    89. PawnPawn ×2
    90. BeamerBeamer
    91. PawnPawn ×3
    92. Dragon's TeethDragon's Teeth ×4
    93. PawnPawn
    94. Dragon's TeethDragon's Teeth
    95. Con turret
    96. Dragon's TeethDragon's Teeth ×3
    97. PawnPawn
    98. Con turret
    99. Dragon's TeethDragon's Teeth
    100. PawnPawn
    101. Con turret
    102. PawnPawn
    103. Con turret ×2
    104. PawnPawn
    105. Con turret
    106. PawnPawn ×2
    107. LazarusLazarus ×2
    108. PawnPawn ×3
    109. Cloakable Fusion ReactorCloakable Fusion Reactornot finished by 15:00
    110. PawnPawn
    111. Con turret
    112. PawnPawn
    113. Bot LabBot Labnot finished by 15:00
    114. PawnPawn

Counts are medians over the build's games: half of them build more, half fewer. The example game is [MADO]MyDude's (32 OS, 03/10/2026); pick another.

Team trades

IN AT LEAST 30% OF ITS GAMES

You hand over

Nothing regular.

You get

  • Tidal Generator4 Tidal from Pondfirst at 0:11 · in 68% of games
  • Advanced Construction Bot1 T2 con bot from Geo or Techfirst at 7:41 · in 57% of games

How it plays out

Typical game of this build, running totals by minute

Metal produced

010k20k
0:005:0010:0015:00

metal

Enemy metal destroyed

05k10k
0:005:0010:0015:00

metal

Own metal lost

05k10k
0:005:0010:0015:00

metal

2395 games.

Show as table
ByMetal produced: This buildEnemy metal destroyed: This buildOwn metal lost: This build
1:0023000
2:0088600
3:002007184130
4:003108643501
5:0041841352998
6:00534921831707
7:00654430512590
8:00776039353502
9:00903546904383
10:001041253145163
11:001188958585965
12:001358364066686
13:001540468757453
14:001729875038214
15:001929281099007
WHAT THE NUMBERS SAY

Standard Suicide front play wins a bit over half its games while taking the heaviest own losses of any role by 15:00.

  • + Produces 20142 metal by 15:00, highest of the front roles.
  • + First kill by 2:01 in all games, fastest contest of middle.
  • − Own metal lost hits 9178 by 15:00, more than enemy metal destroyed.
  • − Only 34% Rocketeer share shows army spread thin across many bot types.
THE EXAMPLE YOU ARE READING

[MADO]MyDude

32.1 OS · 03/10/2026

Open source match ↗

44 received units · includes a constructor
186 metal received · 13107 energy received

Allied construction assistance is unknown. Timings are observations, not a promise of solo reproducibility.

Typical milestones

Bot Lab0:21Middle 50%: 0:20–0:33 · n=2387
Advanced Metal Extractor9:46Middle 50%: 8:50–10:58 · n=1732

Played most by

_X_262games of this buildPlatinumBlonde188games of this buildXad165games of this buildTrapCaT109games of this buildImmort80games of this build